 Dungeon Crawl Stone Soup version 0.18-a0-707-g3781854 (webtiles) character file.

59 Geeful the Ruffian (level 4, -2/33 HPs)
             Began as a Human Wanderer on Dec 7, 2015.
             Slain by Sigmund
             ... wielding a +0 scythe
              (7 damage)
             ... on level 2 of the Dungeon.
             The game lasted 00:07:27 (3365 turns).

Geeful the Ruffian (Human Wanderer)                 Turns: 3365, Time: 00:07:27

Health: -2/33      AC:  7    Str: 16    XL:     4   Next: 22%
Magic:  7/7        EV:  9    Int: 10    God:
Gold:   128        SH:  0    Dex: 12    Spells: 0 memorised, 7 levels left

rFire  . . .     SeeInvis .       - Unarmed
rCold  . . .     Clarity  .     i - +0 scale mail
rNeg   . . .     SustAt   .     (no shield)
rPois  .         Gourm    .     (no helmet)
rElec  .         Spirit   .     (no cloak)
rCorr  .         Dismiss  .     c - +0 pair of gloves
rMut   .         Stasis   .     (no boots)
MR     +....                    (no amulet)
Stlth  ..........               g - ring of protection from magic
                                b - ring of loudness (curse)

@: very slightly contaminated, hasted, very quick, somewhat resistant to hostile
enchantments, extremely unstealthy
A: no striking features
a: no special abilities


You were on level 2 of the Dungeon.
You were very hungry.

You visited 1 branch of the dungeon, and saw 2 of its levels.

You collected 128 gold pieces.

Inventory:

Armour
 c - a +0 pair of gloves (worn)
 i - a +0 scale mail (worn)
Jewellery
 b - a cursed ring of loudness (left hand)
 f - a +3 ring of intelligence
 g - a ring of protection from magic (right hand)
Scrolls
 d - a scroll of identify
Comestibles
 e - 4 bread rations


   Skills:
 - Level 2.0 Fighting
   Level 1.0 Maces & Flails
 - Level 1.0 Throwing
 - Level 1.0 Stealth
 + Level 3.5 Unarmed Combat
 - Level 2.0 Spellcasting
   Level 3.0 Poison Magic


You had 7 spell levels left.
You didn't know any spells.

Dungeon Overview and Level Annotations

Branches:
Dungeon (2/15)

Altars:
Okawaru
Vehumet

Annotations:
D:2 Sigmund


Message History

You miss something. Something hits you.
You miss something. You barely miss something. Something hits you.
You closely miss something. You barely miss something. You miss something.
Something hits you!
You hit something. You miss something. Something hits you.
You hit something. Your punch misses something. You closely miss something.
You hear some strange, mumbled words.
A puff of flame appears from out of thin air!
The puff of flame hits you!
You closely miss something.
You are feeling very hungry.
You closely miss something. Something hits you.
* * * LOW HITPOINT WARNING * * *
Your scale mail prevents you from hitting something.
You miss something. Something hits you!
You die...

... ..# ......... ..+
........ ..# ...... ..#
#... ### #.##
#####..##########
#########...............###
..........@{.......).......
##........###...#######..##
#...#(...# #<..# #....
#..#.#...# #.#[# #....
#.#._.#.'#####.## #....
#...#.#..........# #..##
#....#.........#.# #..#.
#..............#.# #..'.
#(#............#.## ##.#.


There were no monsters in sight!

Vanquished Creatures
  2 adders (D:1)
  A worm (D:2)
  5 bats
  3 giant cockroaches
  10 hobgoblins
  A kobold (D:2)
  3 giant newts
  6 goblins
  5 rats
36 creatures vanquished.

Notes
Turn   | Place    | Note
--------------------------------------------------------------
     0 | D:1      | Geeful the Human Wanderer began the quest for the Orb.
     0 | D:1      | Geeful set off with: a +2 mace, the Tome of the Entourage, a potion of curing, a +0 robe, a bread ration
     0 | D:1      | Reached XP level 1. HP: 16/16 MP: 3/3
     3 | D:1      | Identified the Tome of the Entourage
    76 | D:1      | Reached skill level 1 in Unarmed Combat
   480 | D:1      | Reached XP level 2. HP: 2/22 MP: 5/5
  1602 | D:1      | Reached XP level 3. HP: 27/27 MP: 6/6
  1965 | D:2      | Noticed Sigmund
  2531 | D:2      | Found a radiant altar of Vehumet.
  2780 | D:2      | Found an iron altar of Okawaru.
  2813 | D:1      | Reached XP level 4. HP: 14/33 MP: 7/7
  3365 | D:2      | Slain by Sigmund

Vault maps used:
D:1:      minmay_arrival_up_and_down
D:2:      okawaru_metal_pillars_3, vehumet_crystals, first_bread, uniq_sigmund

Action                   |  1- 3 |  4- 6 || total
-------------------------+-------+-------++-------
Melee: Unarmed           |   244 |    25 ||   269
  Use: Potion            |     1 |     3 ||     4
       Scroll            |     2 |     1 ||     3
 Stab: Sleeping          |     1 |       ||     1
  Eat: Chunk             |     6 |     1 ||     7
